 Dungeon Crawl Stone Soup version 0.28.0-45-g0d030f2227 (webtiles) character file.

Game seed: 14765602984238245165

88 Ablot the Grasshopper (level 4, -1/38 HPs)
             Began as a Gnoll Warper on Apr 7, 2022.
             Slain by a gnoll
             ... wielding a +0 spear
              (3 damage)
             ... on level 3 of the Dungeon.
             The game lasted 00:02:31 (1909 turns).

Ablot the Grasshopper (Gnoll Warper)                Turns: 1909, Time: 00:02:31

Health: -1/38      AC:  5    Str: 12    XL:     4   Next: 54%
Magic:  11/11      EV: 12    Int: 13    God:
Gold:   76         SH:  0    Dex: 11    Spells: 11/13 levels left

rFire   . . .      SeeInvis .   a - +0 spear
rCold   . . .      Faith    .   (no shield)
rNeg    . . .      Spirit   .   b - +0 leather armour
rPois   .          Reflect  .   (no helmet)
rElec   .          Harm     .   j - +1 cloak
rCorr   .          Rampage  .   (no gloves)
Will    .....                   (no boots)
Stlth   +.........              (no amulet)
HPRegen 0.12/turn               (no ring)
MPRegen 0.12/turn               (no ring)

@: no status effects
A: fangs 1, strong nose, distributed training
a: no special abilities


You were on level 3 of the Dungeon.
You visited 1 branch of the dungeon, and saw 3 of its levels.

You collected 76 gold pieces.

Inventory:

Hand Weapons
 a - a +0 spear (weapon)
Missiles
 d - 5 boomerangs of dispersal
 f - 7 poisoned darts (quivered)
 i - 138 stones
 l - 25 arrows
Armour
 b - a +0 leather armour (worn)
 j - a +1 cloak (worn)
Scrolls
 c - a scroll of blinking
 e - a scroll of identify {unknown}
 g - a scroll of teleportation {unknown}
 k - 2 scrolls of amnesia {unknown}
Potions
 h - a potion of haste {unknown}


   Skills:
 + Level 4.6 Fighting
 + Level 1.2 Short Blades
 + Level 1.2 Long Blades
 + Level 1.2 Axes
 + Level 1.2 Maces & Flails
 + Level 4.6 Polearms
 + Level 1.2 Staves
 + Level 1.2 Slings
 + Level 1.2 Bows
 + Level 1.2 Crossbows
 + Level 2.8 Throwing
 + Level 2.8 Armour
 + Level 4.6 Dodging
 + Level 1.2 Stealth
 + Level 1.2 Shields
 + Level 1.2 Unarmed Combat
 + Level 5.1 Spellcasting
 + Level 1.0 Conjurations
 + Level 1.0 Hexes
 + Level 1.0 Summonings
 + Level 1.0 Necromancy
 + Level 5.5 Translocations
 + Level 1.0 Transmutations
 + Level 1.0 Fire Magic
 + Level 1.0 Ice Magic
 + Level 1.0 Air Magic
 + Level 1.0 Earth Magic
 + Level 1.0 Poison Magic
 + Level 1.3 Invocations
 + Level 1.2 Evocations


You had 11 spell levels left.
You knew the following spells:

 Your Spells              Type           Power      Damage    Failure   Level
a - Blink                 Tloc           34%        N/A       3%          2

Your spell library contained the following spells:

 Spells                   Type           Power      Damage    Failure   Level
 Gell's Gravitas          Tloc           17%        N/A       8%          3
 Lesser Beckoning         Tloc           17%        N/A       8%          3
 Teleport Other           Tloc           17%        N/A       8%          3
 Freeze                   Ice            20%        1d4       16%         1
 Frozen Ramparts          Ice            10%        1d3       43%         3
 Manifold Assault         Tloc           17%        N/A       56%         5
 Hailstorm                Conj/Ice       5%         3d4       83%         4


Dungeon Overview and Level Annotations

Branches:
Dungeon (3/15)

Altars:

Annotations:
D:2 1 runed translucent door, exclusion: door, Crazy Yiuf


Innate Abilities, Weirdness & Mutations

You have very sharp teeth.
Your uncanny sense of smell can sniff out nearby items.
Your experience applies equally to all skills.


Message History

Unknown command.
Reach: a) +0 spear
Press: ? - help, Dir - move target, f/p - gnoll
Aim: a gnoll, wielding a +0 spear (severely wounded, about 34% to evade your +0 spear)
You reach to attack!
You hit the gnoll but do no damage.
The gnoll is severely wounded.
The gnoll closely misses you.
Reach: a) +0 spear
Press: ? - help, Dir - move target, f/p - gnoll
Aim: a gnoll, wielding a +0 spear (severely wounded, about 34% to evade your +0 spear)
You reach to attack!
You hit the gnoll but do no damage.
The gnoll is severely wounded.
The gnoll hits you from afar with a +0 spear.
* * * LOW HITPOINT WARNING * * *
Reach: a) +0 spear
Press: ? - help, Dir - move target, f/p - gnoll
Aim: a gnoll, wielding a +0 spear (severely wounded, about 34% to evade your +0 spear)
You reach to attack!
You hit the gnoll.
The gnoll is almost dead.
The gnoll completely misses you.
Reach: a) +0 spear
Press: ? - help, Dir - move target, f/p - gnoll
Aim: a gnoll, wielding a +0 spear (almost dead, about 34% to evade your +0 spear)
You reach to attack!
You hit the gnoll but do no damage.
The gnoll is almost dead.
The gnoll hits you from afar with a +0 spear.
* * * LOW HITPOINT WARNING * * *
Reach: a) +0 spear
Press: ? - help, Dir - move target, f/p - gnoll
Aim: a gnoll, wielding a +0 spear (almost dead, about 34% to evade your +0 spear)
You reach to attack!
You barely miss the gnoll.
The gnoll is almost dead.
The gnoll misses you.
Reach: a) +0 spear
Press: ? - help, Dir - move target, f/p - gnoll
Aim: a gnoll, wielding a +0 spear (almost dead, about 34% to evade your +0 spear)
You reach to attack!
You hit the gnoll but do no damage.
The gnoll is almost dead.
The gnoll hits you from afar with a +0 spear.
You die...

#. #.....[....... #.#
#..##..).(.... #..#
#..##..#
###...##..##).#
...........#..########
......................
#.....#..##..#####.##
.##...........#
........@.g##.#
####.##<#..##.# #
#.#..##.# #.#..##.#
#.#..##.. .........
......... ...#####.#
##.##


You could see a gnoll.

Vanquished Creatures
  Jessica (D:2)
  2 gnolls
  2 dart slugs (D:2)
  4 ball pythons
  5 bats
  3 endoplasms
  2 giant cockroaches
  3 goblins
  3 hobgoblins (D:1)
  4 jackals
  2 quokkas
  2 frilled lizards (D:1)
  4 rats
37 creatures vanquished.

Vanquished Creatures (others)
  3 plants (D:2)
3 creatures vanquished.

Grand Total: 40 creatures vanquished

Notes
Turn   | Place    | Note
-------+----------+-------------------------------------------
     0 | D:1      | Ablot the Gnoll Warper began the quest for the Orb.
     0 | D:1      | Reached XP level 1. HP: 20/20 MP: 6/6
   153 | D:1      | Reached XP level 2. HP: 23/26 MP: 7/7
   172 | D:1      | Learned a level 2 spell: Blink
   793 | D:2      | Reached XP level 3. HP: 26/31 MP: 9/9
   817 | D:2      | Reached skill level 5 in Spellcasting
   967 | D:2      | Noticed Jessica
   989 | D:2      | Killed Jessica
   990 | D:2      | Reached skill level 1 in Short Blades
   990 | D:2      | Reached skill level 1 in Long Blades
   990 | D:2      | Reached skill level 1 in Axes
   990 | D:2      | Reached skill level 1 in Maces & Flails
   990 | D:2      | Reached skill level 1 in Staves
   990 | D:2      | Reached skill level 1 in Slings
   990 | D:2      | Reached skill level 1 in Bows
   990 | D:2      | Reached skill level 1 in Crossbows
   990 | D:2      | Reached skill level 1 in Stealth
   990 | D:2      | Reached skill level 1 in Shields
   990 | D:2      | Reached skill level 1 in Unarmed Combat
   990 | D:2      | Reached skill level 1 in Invocations
   990 | D:2      | Reached skill level 1 in Evocations
   990 | D:2      | Reached XP level 4. HP: 38/38 MP: 11/11
  1138 | D:2      | Found a runed translucent door.
  1139 | D:2      | Noticed Crazy Yiuf
  1816 | D:2      | Reached skill level 1 in Conjurations
  1816 | D:2      | Reached skill level 1 in Hexes
  1816 | D:2      | Reached skill level 1 in Summonings
  1816 | D:2      | Reached skill level 1 in Necromancy
  1816 | D:2      | Reached skill level 1 in Transmutations
  1816 | D:2      | Reached skill level 1 in Fire Magic
  1816 | D:2      | Reached skill level 1 in Ice Magic
  1816 | D:2      | Reached skill level 1 in Air Magic
  1816 | D:2      | Reached skill level 1 in Earth Magic
  1816 | D:2      | Reached skill level 1 in Poison Magic
  1907 | D:3      | HP: 1/38 [gnoll/+0 spear (4)]
  1909 | D:3      | Slain by a gnoll

Illustrated notes

Levels and vault maps discovered:
D:1:      evilmike_arrival_rings, layout_basic
D:2:      layout_basic, serial_bayou, serial_bayou_shore_b, serial_bayou_pond_e,
          serial_bayou_lake_a, serial_bayou_lagoon_a, uniq_jessica,
          uniq_crazy_yiuf_cottage
D:3:      layout_loops_ring, lemuel_crystal_altar, slow_altar_1,
          minmay_overflow_temple_star_quad

Skill      XL: |  1  2  3  4 |
---------------+-------------+-----
Spellcasting   | 5 |  5.1
Short Blades   | 1 |  1.2
Long Blades    | 1 |  1.2
Axes           | 1 |  1.2
Maces & Flails | 1 |  1.2
Staves         | 1 |  1.2
Slings         | 1 |  1.2
Bows           | 1 |  1.2
Crossbows      | 1 |  1.2
Stealth        | 1 |  1.2
Shields        | 1 |  1.2
Unarmed Combat | 1 |  1.2
Invocations    | 1 |  1.3
Evocations     | 1 |  1.2
Conjurations   | 1 |  1.0
Hexes          | 1 |  1.0
Summonings     | 1 |  1.0
Necromancy     | 1 |  1.0
Transmutations | 1 |  1.0
Fire Magic     | 1 |  1.0
Ice Magic      | 1 |  1.0
Air Magic      | 1 |  1.0
Earth Magic    | 1 |  1.0
Poison Magic   | 1 |  1.0
Fighting       | |  4.6
Polearms       | |  4.6
Throwing       | |  2.8
Armour         | |  2.8
Dodging        | |  4.6
Translocations | |  5.5

Action                   |  1- 3 |  4- 6 || total
-------------------------+-------+-------++-------
Melee: Spear             |   104 |    59 ||   163
       Bite              |     4 |     4 ||     8
       Punch             |       |     1 ||     1
Throw: Dart              |       |     1 ||     1
 Stab: Sleeping          |     1 |       ||     1
Armor: Leather armour    |    26 |    10 ||    36
Dodge: Dodged            |    68 |    19 ||    87
